 Dungeon Crawl Stone Soup version 0.21-a0-111-g52d2817 (webtiles) character file.

555 Draanakar the Slasher (level 7, 0/66 HPs)
             Began as a White Draconian Berserker on July 11, 2017.
             Was a Believer of Trog.
             Killed by divine providence
             ... invoked by an orc priest
              (8 damage)
             ... on level 4 of the Dungeon.
             The game lasted 00:15:57 (2260 turns).

Draanakar the Slasher (White Draconian Berserker)   Turns: 2260, Time: 00:15:58

Health: 0/66       AC:  6    Str: 22    XL:     7   Next: 8%
Magic:  7/7        EV: 14    Int:  7    God:    Trog [**....]
Gold:   128        SH:  0    Dex: 16    Spells: 6/6 levels left

rFire    . . .     SeeInvis .   a - +0 falchion
rCold    + . .     Gourm    .   (no shield)
rNeg     . . .     Faith    .   (armour unavailable)
rPois    .         Spirit   .   (helmet restricted)
rElec    .         Reflect  .   (no cloak)
rCorr    .         Harm     .   (no gloves)
MR       .....                  (no boots)
Stlth    ++........             n - amulet of rage
HPRegen  0.21/turn              t - +4 ring of dexterity
MPRegen  0.10/turn              (no ring)

@: no status effects
A: breathe frost, unfitting armour, cold resistance 1, robust 1, strong 1, no
potion heal 1, cold-blooded, AC +6
a: Breathe Frost, Berserk, Trog's Hand, Burn Spellbooks, Renounce Religion,
Evoke Berserk Rage


You were on level 4 of the Dungeon.
You worshipped Trog.
Trog was pleased with you.
You were not hungry.

You visited 1 branch of the dungeon, and saw 4 of its levels.

You collected 128 gold pieces.

Inventory:

Hand Weapons
 a - a +0 falchion (weapon)
 v - a +0 war axe
Missiles
 d - 94 stones
 p - 11 tomahawks (quivered)
Magical Staves
 u - an uncursed staff of power
Jewellery
 n - an amulet of rage (around neck)
 t - a +4 ring of dexterity (left hand)
Wands
 l - a wand of enslavement (12/24)
Scrolls
 e - 2 scrolls of identify
 f - 3 scrolls of amnesia {unknown}
 g - 2 scrolls of fear {unknown}
 i - 4 scrolls of enchant armour {unknown}
 k - 2 scrolls of remove curse {unknown}
 m - 2 scrolls of noise {unknown}
 w - a scroll of enchant weapon {unknown}
 x - a scroll of blinking {unknown}
 y - a scroll of magic mapping {unknown}
Potions
 b - 2 potions of resistance {unknown}
 c - a potion of flight {unknown}
 j - a potion of heal wounds {unknown}
 o - a potion of haste {unknown}
 s - a potion of brilliance {unknown}
Books
 r - a book of Minor Magic

   Spells                             Type                      Level
   a - Magic Dart                     Conjuration                  1
   b - Blink                          Translocation                2
   c - Call Imp                       Summoning                    2
   d - Slow                           Hexes                        2
   e - Conjure Flame                  Conjuration/Fire             3
   f - Mephitic Cloud                 Conjuration/Poison/Air       3
   Trog disapproves of the use of such an item.
Comestibles
 h - 3 meat rations
 q - 2 bread rations


   Skills:
 + Level 4.9 Fighting
 + Level 6.0 Long Blades
 + Level 0.3 Throwing
 + Level 4.2 Dodging
 + Level 1.1 Stealth
 + Level 1.3 Evocations


You had 6 spell levels left.
You didn't know any spells.

Dungeon Overview and Level Annotations

Branches:
Dungeon (4/15)
 Temple: D:4-7

Altars:
Ashenzari
Gozag


Innate Abilities, Weirdness & Mutations

You can breathe waves of freezing cold.
You can buffet flying creatures when you breathe cold.
Your icy white scales are hard. (AC +6)
You cannot fit into any form of body armour.
Your flesh is cold resistant. (rC+)
You are cold-blooded and may be slowed by cold attacks.
You are robust. (+10% HP)
Your muscles are strong. (Str +2)
Potions are less effective at restoring your health.


Message History

You kill the orc!
Trog accepts your kill.
You swap places.
p - 11 tomahawks (gained 2)
You see here a dagger.
You start resting.
Eating a chunk of flesh.
You eat the chunk of flesh.
This raw flesh tastes terrible.
The orc priest is no longer charmed.
The orc priest misses you.
You riposte.
You slash the orc priest!
The orc priest is heavily wounded.
That item cannot be evoked!
You hit the orc priest but do no damage.
Your tail-slap misses the orc priest.
The orc priest is heavily wounded.
The orc priest misses you.
You closely miss the orc priest.
The orc priest is heavily wounded.
The orc priest mumbles some strange prayers to Beogh against you.
Beogh smites you!
You die...

#...<..†...).........#
#......†.>).[......#
...........)÷[..##.#
........#.......##.#
##.########......#.#
#.. #...#....# ####
#...#..###
#...#.o#####
#####.@....# #..).#.#
#.##.# ..# ... >..#
#### ..... ......
......


You could see an orc priest.

Vanquished Creatures
  The ghost of NOFUNALLOWED the Cudgeler, an amateur CeCK of Xom (D:4)
  A howler monkey (D:4)
  3 hounds (D:4)
  3 orc priests
  An orc wizard (D:4)
  Natasha (thrice) (D:3)
  Terence (D:2)
  A worker ant (D:4)
  3 adders
  A leopard gecko (D:1)
  11 orcs
  14 giant cockroaches
  3 goblins
  8 hobgoblins
  8 jackals (D:1)
  5 bats
  4 frilled lizards
  10 kobolds
  7 rats
88 creatures vanquished.

Notes
Turn   | Place    | Note
-------+----------+-------------------------------------------
     0 | D:1      | Draanakar the Draconian Berserker began the quest for the Orb.
     0 | D:1      | Reached XP level 1. HP: 19/19 MP: 1/1
    81 | D:1      | Reached XP level 2. HP: 17/26 MP: 2/2
   661 | D:1      | Reached ** piety under Trog
   813 | D:1      | Reached XP level 3. HP: 33/33 MP: 3/3
  1116 | D:2      | Noticed Terence
  1125 | D:2      | Killed Terence
  1125 | D:2      | Reached XP level 4. HP: 40/40 MP: 4/4
  1208 | D:2      | Found a shattered altar of Ashenzari.
  1442 | D:3      | Reached skill level 4 in Long Blades
  1530 | D:3      | Noticed Natasha
  1537 | D:3      | Killed Natasha
  1539 | D:3      | Found an opulent altar of Gozag.
  1582 | D:3      | Reached XP level 5. HP: 35/46 MP: 5/5
  1758 | D:3      | Noticed Natasha
  1765 | D:3      | Killed Natasha
  1978 | D:3      | Noticed Natasha
  1985 | D:3      | Killed Natasha
  1988 | D:3      | Gained mutation: You are robust. (+10% HP) [potion of mutation]
  1988 | D:3      | Gained mutation: Potions are less effective at restoring your health. [potion of mutation]
  1988 | D:3      | Gained mutation: Your muscles are strong. (Str +2) [potion of mutation]
  2127 | D:4      | Reached skill level 5 in Long Blades
  2127 | D:4      | Reached XP level 6. HP: 50/58 MP: 6/6
  2144 | D:4      | Noticed NOFUNALLOWED's ghost (amateur CeCK)
  2158 | D:4      | Killed NOFUNALLOWED's ghost
  2158 | D:4      | Reached skill level 1 in Stealth
  2191 | D:4      | Reached skill level 1 in Evocations
  2204 | D:4      | Your scales start taking on an icy white colour.
  2204 | D:4      | Reached XP level 7. HP: 29/66 MP: 7/7
  2204 | D:4      | Gained mutation: Your flesh is cold resistant. (rC+) [White Draconian growth]
  2226 | D:4      | Reached skill level 6 in Long Blades
  2230 | D:4      | HP: 1/66 [orc priest/divine providence (13)]
  2260 | D:4      | Killed from afar by an orc priest

Vault maps used:
D:1:      lemuel_arrival_funnel
D:2:      minmay_roachtagon, overflow_temple_1_default, uniq_terence
D:3:      grunt_gozag_breadcrumbs, small_statue_intersection, hex_tiny,
          uniq_natasha
D:4:      temple_pool_b, first_bread, kennysheep_another_room, minivault_19

Skill      XL: |  1  2  3  4  5  6  7 |
---------------+----------------------+-----
Dodging        | 3 4 |  4.2
Fighting       | 4 |  4.9
Long Blades    | 4 5 6 |  6.0
Stealth        | 1 |  1.1
Evocations     | 1 |  1.3
Throwing       | |  0.3

Action                   |  1- 3 |  4- 6 |  7- 9 || total
-------------------------+-------+-------+-------++-------
Melee: Falchion          |   117 |   128 |    10 ||   255
       Tailslap          |    22 |    23 |     2 ||    47
Throw: Stone             |     1 |       |       ||     1
       Tomahawk          |       |     1 |     2 ||     3
Invok: Berserk           |     1 |       |       ||     1
       Trog's Hand       |       |     4 |       ||     4
 Abil: Evoke Berserk Rag |     1 |     2 |       ||     3
Evoke: Wand              |       |       |     1 ||     1
  Use: Potion            |       |     5 |       ||     5
       Scroll            |       |     1 |       ||     1
 Stab: Sleeping          |     1 |     1 |       ||     2
  Eat: Bread ration      |     1 |       |       ||     1
       Meat ration       |       |     1 |       ||     1
       Chunk             |       |       |     1 ||     1
Armor: Skin              |    52 |    58 |     1 ||   111
Dodge: Dodged            |   117 |   152 |     3 ||   272
       Rpst.: Falchion   |    34 |    42 |     1 ||    77
